 Dungeon Crawl Stone Soup version 0.18.1-50-g88ac8fd (webtiles) character file.

114 varam the Grave Robber (level 4, 0/33 HPs)
             Began as a Mummy Necromancer on Oct 12, 2016.
             Killed by divine providence
             ... invoked by an orc priest
              (14 damage)
             ... on level 3 of the Dungeon.
             The game lasted 00:14:17 (3095 turns).

varam the Grave Robber (Mummy Necromancer)          Turns: 3095, Time: 00:14:19

Health: 0/33       AC:  2    Str: 11    XL:     4   Next: 67%
Magic:  0/7        EV: 12    Int: 15    God:
Gold:   109        SH:  0    Dex: 12    Spells: 2 memorised, 3 levels left

rFire  x . .     SeeInvis .     h - +1 short sword (elec)
rCold  + . .     Gourm    .     a - +0 robe
rNeg   + + +     Faith    .     (no shield)
rPois  ∞         Spirit   .     (no helmet)
rElec  .         Dismiss  .     (no cloak)
rCorr  .         Reflect  .     (no gloves)
SustAt .         Harm     .     (no boots)
MR     .....                    (no amulet)
Stlth  ++........               (no ring)
                                (no ring)

@: not resistant to hostile enchantments, unstealthy
A: no food or potions, fire vulnerability, cold resistance 1, negative energy
resistance 3, torment resistance, unbreathing
a: no special abilities


You were on level 3 of the Dungeon.
You were not hungry.

You visited 1 branch of the dungeon, and saw 3 of its levels.

You collected 109 gold pieces.

Inventory:

Hand Weapons
 e - a +1 hand axe of freezing
 h - a +1 short sword of electrocution (weapon)
Missiles
 i - 69 stones (quivered)
Armour
 a - a +0 robe (worn)
Jewellery
 j - a cursed -2 ring of strength {unknown}
 l - an uncursed amulet of dismissal {unknown}
Scrolls
 c - a scroll of blinking {unknown}
 d - 2 scrolls of enchant weapon {unknown}
 f - a scroll of teleportation {unknown}
 g - 3 scrolls of remove curse {unknown}
 k - a scroll of identify {unknown}
Books
 b - a book of Necromancy

   Spells                             Type                      Level
   a - Pain                           Necromancy                   1
   b - Animate Skeleton               Necromancy                   1
   c - Vampiric Draining              Necromancy                   3
   d - Regeneration                   Charms/Necromancy            3
   e - Animate Dead                   Necromancy                   4
   f - Control Undead                 Necromancy                   4


   Skills:
 + Level 1.9 Fighting
 - Level 0.4 Short Blades
 + Level 1.7 Dodging
 - Level 1.5 Stealth
 + Level 2.5 Spellcasting
 - Level 5.2 Necromancy


You had 3 spell levels left.
You knew the following spells:

 Your Spells              Type           Power        Failure   Level  Hunger
a - Pain                  Necr           ###.         2%          1    N/A
z - Animate Dead          Necr           N/A          28%         4    N/A

Dungeon Overview and Level Annotations

Branches:
Dungeon (3/15)

Altars:
Xom

Annotations:
D:2 Terence


Innate Abilities, Weirdness & Mutations

You do not eat or drink.
Your flesh is vulnerable to fire.
You are immune to poison.
Your flesh is cold resistant.
You are immune to negative energy.
You are immune to unholy pain and torment.
You can survive without breathing.


Message History

Casting: Animate Dead
Confirm with . or Enter, or press ? or * to list all spells.
Aiming: Pain
Press: ? - help, Shift-Dir - straight line, f - orc priest
Aim: an orc priest, wielding a club (chance to defeat MR: 76%)
The orc priest convulses in agony!
The orc priest calls upon Beogh to heal the orc priest.
The orc priest is healed somewhat.
A tomahawk appears from out of your range of vision.
The tomahawk hits your orc zombie but does no damage.
Casting: Pain
Confirm with . or Enter, or press ? or * to list all spells.
Aiming: Pain
Press: ? - help, Shift-Dir - straight line, f/p - orc priest
Aim: an orc priest, wielding a club (lightly wounded, chance to defeat MR: 76%)
The orc priest convulses in agony!
The orc priest miscasts a cantrip.
The orc priest calls down the wrath of Beogh upon you.
Beogh smites you!
You die...

..%............
#...............
....................
#..#.........)......
..............<....
#...............## #
##..............##
#.##....)............
####.#.@##..........####
#...o.Z##.........###
.....ZZ......#.......##
....o........#######..###
...o.........########(...
.........#####......(.##.
o........# ...##########
.........# .....
........## #####


You could see 2 orc priests, an orc, a friendly rat zombie, a friendly quokka
zombie and a friendly orc zombie.

Vanquished Creatures
  A gnoll (D:1)
  5 adders
  A worm (D:2)
  2 dart slugs (D:1)
  2 giant geckos
  An orc (D:3)
  A giant cockroach (D:3)
  5 goblins
  5 hobgoblins
  4 jackals (D:2)
  2 quokkas
  8 bats
  2 giant newts (D:2)
  9 kobolds
  4 rats
52 creatures vanquished.

Notes
Turn   | Place    | Note
--------------------------------------------------------------
     0 | D:1      | varam the Mummy Necromancer began the quest for the Orb.
     0 | D:1      | Reached XP level 1. HP: 13/13 MP: 3/3
   217 | D:1      | Reached XP level 2. HP: 20/20 MP: 0/5
   841 | D:2      | Reached skill level 1 in Fighting
   842 | D:2      | Reached XP level 3. HP: 21/26 MP: 2/6
  1887 | D:2      | Reached XP level 4. HP: 32/32 MP: 1/7
  1893 | D:2      | Learned a level 4 spell: Animate Dead
  1950 | D:3      | Reached skill level 5 in Necromancy
  2465 | D:2      | Found a shimmering altar of Xom.
  2658 | D:3      | Noticed Terence
  3095 | D:3      | Killed from afar by an orc priest

Skill      XL: |  1  2  3  4 |
---------------+-------------+-----
Fighting       | 1 |  1.9
Necromancy     | 5 |  5.2
Short Blades   | |  0.4
Dodging        | |  1.7
Stealth        | |  1.5
Spellcasting   | |  2.5

Action                   |  1- 3 |  4- 6 || total
-------------------------+-------+-------++-------
Melee: Hand axe          |    15 |       ||    15
       Short sword       |    17 |    23 ||    40
Throw: Stone             |     2 |       ||     2
 Cast: Pain              |    57 |    40 ||    97
       Animate Dead      |       |     6 ||     6
Armor: Robe              |     9 |     9 ||    18
Dodge: Dodged            |    34 |    20 ||    54
